 Dungeon Crawl Stone Soup version 0.15-a0-1485-g692b94f (webtiles) character file.

256 Crauler the Insei (level 5, 0/41 HPs)
             Began as a Draconian Transmuter on June 14, 2014.
             Splashed with acid (4 damage)
             ... on Level 4 of the Dungeon.
             The game lasted 00:10:44 (3780 turns).

Crauler the Insei (Draconian Transmuter)            Turns: 3780, Time: 00:10:44

HP   0/41        AC  5     Str 12      XL: 5   Next: 92%
MP   9/9         EV 13     Int 14      God:
Gold 145         SH  0     Dex 12      Spells:  2 memorised,  4 levels left

rFire  . . .     SeeInvis .       - Unarmed
rCold  . . .     Clarity  .     (armour unavailable)
rNeg   . . .     rCorr    .     (no shield)
rPois  .         rRot     .     (helmet restricted)
rElec  .         Spirit   .     (no cloak)
SustAb .         Warding  .     (no gloves)
rMut   .         Stasis   .     (no boots)
Gourm  .                        y - amulet of faith
MR     .....                    (no ring)
                                (no ring)

@: appendage (expiring), not resistant to hostile enchantments, very unstealthy
A: unfitting armour, horns 2, cold-blooded, AC +5
a: End Transformation


You were on level 4 of the Dungeon.
You were hungry.
You had grown temporary horns.
You visited 1 branch of the dungeon, and saw 4 of its levels.

You collected 145 gold pieces.

Inventory:

Missiles
 b - 12 arrows
 u - 10 poisoned needles
Comestibles
 a - 5 bread rations
 h - a slice of pizza
 i - a beef jerky
 v - a meat ration
Scrolls
 e - 2 scrolls of enchant weapon I {unknown}
 f - a scroll of amnesia {unknown}
 j - a scroll of enchant armour {unknown}
 l - 2 scrolls of remove curse {unknown}
 m - 3 scrolls of identify {unknown}
 o - a scroll of fog {unknown}
 p - a scroll of immolation {unknown}
 s - a scroll of recharging {unknown}
 t - a scroll of random uselessness {unknown}
 w - a scroll of teleportation {unknown}
Jewellery
 y - an amulet of faith (around neck)
Potions
 c - a potion of cure mutation {unknown}
 g - 2 potions of heal wounds {unknown}
 k - a potion of confusion {unknown}
 n - a potion of magic {unknown}
 r - a potion of haste {unknown}
 x - 2 potions of curing {unknown}
Books
 d - a book of Changes

   Spells                             Type                      Level
   *Beastly Appendage                 Transmutation                1
   Sticks to Snakes                   Transmutation                2
   *Spider Form                       Transmutation/Poison         3
   Ice Form                           Ice/Transmutation            4
   Blade Hands                        Transmutation                5
 q - a book of the Earth

   Spells                             Type                      Level
   Leda's Liquefaction                Hexes/Earth                  4
   Bolt of Magma                      Conjuration/Fire/Earth       5
   Statue Form                        Transmutation/Earth          6
   Iron Shot                          Conjuration/Earth            6
   Shatter                            Earth                        9


   Skills:
 + Level 2.0 Fighting
 * Level 3.1 Dodging
 * Level 4.4 Unarmed Combat
 + Level 2.3 Spellcasting
 * Level 3.7 Transmutations


You had 4 spell levels left.
You knew the following spells:

 Your Spells              Type           Power        Failure   Level  Hunger
a - Beastly Appendage     Trmt           ##....       6%          1    #......
b - Spider Form           Trmt/Pois      #.........   38%         3    ####...


Dungeon Overview and Level Annotations

Branches:
Dungeon (4/15)
 Temple: D:4-7

Altars:
Ashenzari


Innate Abilities, Weirdness & Mutations

Your plain brown scales are hard (AC +5).*
Your body does not fit into most forms of armour.
Your cold-blooded metabolism reacts poorly to cold.*
You have a pair of horns on your head.*


Message History

* * * LOW HITPOINT WARNING * * *
You tail-slap the jelly.
The jelly is heavily wounded.
The jelly hits you but does no damage.
You hit the jelly.
Your hands burn!
* * * LOW HITPOINT WARNING * * *
You headbutt the jelly!
The jelly is severely wounded.
You hit the jelly.
Your hands burn!
* * * LOW HITPOINT WARNING * * *
You tail-slap the jelly.
The jelly is almost dead.
The jelly hits you but does no damage.
You hit the jelly.
Your hands burn!
* * * LOW HITPOINT WARNING * * *
The jelly is almost dead.
Your transformation is almost over.
The jelly barely misses you.
You punch the jelly!
Your hands burn!
You die...

##..##### #.# .
#.......# #.#
..####.......###'##
...................#
....................#
....................#
........###..#####.##
#........####.#####.#
#.......@.........#.#
#.................#.#
#####............#.#
#............#.#
#............#.#
#............#.#
#............#.#
#............#.#
##............#.#


There were no monsters in sight!

Vanquished Creatures
  An ogre (D:3)
  A worker ant (D:4)
  3 adders
  2 giant geckos
  2 oozes
  4 orcs (D:3)
  A ball python (D:1)
  10 bats
  3 giant cockroaches
  12 goblins
  9 hobgoblins
  22 jackals
  11 kobolds
  2 quokkas
  2 giant newts
  10 rats
95 creatures vanquished.

Notes
Turn   | Place    | Note
--------------------------------------------------------------
     0 | D:1      | Crauler, the Draconian Transmuter, began the quest for the Orb.
     0 | D:1      | Reached XP level 1. HP: 16/16 MP: 3/3
   159 | D:1      | Reached XP level 2. HP: 18/23 MP: 4/4
   721 | D:1      | Reached XP level 3. HP: 20/28 MP: 6/6
   726 | D:1      | Learned a level 3 spell: Spider Form
  1954 | D:2      | Found a shattered altar of Ashenzari.
  2134 | D:2      | Reached XP level 4. HP: 28/35 MP: 7/7
  2804 | D:3      | Noticed an ogre
  2832 | D:3      | Killed an ogre
  2832 | D:3      | Reached skill level 4 in Unarmed Combat
  2832 | D:3      | Reached XP level 5. HP: 7/41 MP: 6/9
  3780 | D:4      | Splashed with acid

Action                   |  1- 3 |  4- 6 || total
-------------------------+-------+-------++-------
Melee: Unarmed           |   232 |   196 ||   428
 Cast: Beastly Appendage |     2 |     2 ||     4
       Spider Form       |       |     1 ||     1
 Stab: Sleeping          |       |     2 ||     2
